 Dungeon Crawl Stone Soup version 0.21.1-1-g345015f (webtiles) character file.

855117 letownia2 the Hoplite (level 27, 286/286 (306) HPs)
             Began as a Demonspawn Wizard on Feb 3, 2018.
             Was an Initiate of Gozag.
             Quit the game in the Vestibule of Hell on Feb 8, 2018.
             The game lasted 05:43:04 (91378 turns).

letownia2 the Hoplite (Demonspawn Wizard)          Turns: 91378, Time: 05:43:05

HP:   286/286 (306) AC: 39    Str: 19      XL:     27
MP:   33/33         EV: 12    Int: 18 (22) God:    Gozag
Gold: 2193          SH: 37    Dex:  5 (7)  Spells: 9/66 levels left

rFire    + + +     SeeInvis +     - Unarmed
rCold    + . .     Gourm    .   m - +8 large shield of the Hidden Seas {rElec rF++}
rNeg     + + +     Faith    .   V - +1 pearl dragon scales
rPois    +         Spirit   .   (helmet unavailable)
rElec    +         Reflect  +   p - +2 cloak {MR+}
rCorr    +         Harm     .   L - +0 pair of gloves of the Townfolk {rPois rF+}
MR       ++++.                  e - +1 pair of boots {Stlth+}
Stlth    +.........             w - +5 amulet of reflection
HPRegen  0.57/turn              c - ring "Jenoav" {Wiz rN++ MP-9 Slay-2 SInv}
MPRegen  0.23/turn              j - ring of protection from magic

@: deflect missiles
A: antennae 3, talons 1, yellow scales 3, see invisible, clumsy 2, cold
resistance 1, icemail, low mp 1, powered by death 3, robust 3, freezing cloud
immunity
}: 6/15 runes: decaying, serpentine, slimy, silver, golden, obsidian
a: Potion Petition, Call Merchant, Bribe Branch, Renounce Religion


You were in the Vestibule of Hell.
You worshipped Gozag.
Gozag was most pleased with you.
You were not hungry.

You visited 15 branches of the dungeon, and saw 71 of its levels.
You also visited: Wizlab.

You collected 41040 gold pieces.
You spent 1156 gold pieces at shops.
You paid 37691 gold pieces to Gozag.

Inventory:

Hand Weapons
 a - the +12 demon blade "Cebum" {speed, Dex+2}
   (You found it on level 6 of the Lair of Beasts)

   Attacks with this weapon are significantly faster.
   It affects your dexterity (+2).
Missiles
 R - 2 throwing nets (quivered)
Armour
 e - a +1 pair of boots of stealth (worn)
 m - the +8 large shield of the Hidden Seas (worn) {rElec rF++}
   (You bought it in a shop on level 2 of the Lair of Beasts)

   It greatly protects you from fire.
   It insulates you from electricity.
 p - a +2 cloak of magic resistance (worn)
 L - the +0 pair of gloves of the Townfolk (worn) {rPois rF+}
   (You found it on level 3 of the Tomb of the Ancients)

   It protects you from fire.
   It protects you from poison.
 V - +1 pearl dragon scales (worn)
Jewellery
 c - the ring "Jenoav" (left hand) {Wiz rN++ MP-9 Slay-2 SInv}
   (You found it on level 1 of the Depths)

   [ring of wizardry]

   It improves your spell success rate.
   It affects your accuracy and damage with ranged weapons and melee attacks
   (-2).
   It greatly protects you from negative energy.
   It affects your magic capacity (-9).
   It lets you see invisible.
 j - a ring of protection from magic (right hand)
 l - the amulet "Put-Me-On" {Gourm +Fly MR+}
   (You found it in a wizard's laboratory)

   [amulet of the gourmand]

   It allows you to eat raw meat even when not hungry.
   It affects your resistance to hostile enchantments.
   It lets you fly.
 w - a +5 amulet of reflection (around neck)
 G - a +6 ring of strength
Wands
 s - a wand of digging (6)
 z - a wand of clouds (9)
 T - a wand of acid (21)
Scrolls
 i - 25 scrolls of identify
 r - 11 scrolls of remove curse
 t - 6 scrolls of fog
 v - 22 scrolls of teleportation
 x - a scroll of summoning
 y - 4 scrolls of magic mapping
 B - 3 scrolls of silence
 F - 2 scrolls of fear
 K - 7 scrolls of immolation
 X - 3 scrolls of blinking
 Y - 3 scrolls of holy word
Potions
 g - 2 potions of invisibility
 k - 2 potions of cancellation
 n - 5 potions of brilliance
 o - 3 potions of mutation
 q - a potion of ambrosia
 C - 4 potions of haste
 D - 7 potions of lignification
 H - 4 potions of might
 N - 2 potions of resistance
 P - 5 potions of flight
 Q - 6 potions of agility
 S - 12 potions of heal wounds
 W - 6 potions of curing
 Z - 8 potions of magic
Miscellaneous
 I - a box of beasts
 O - 3 phantom mirrors
Comestibles
 d - 4 rations


   Skills:
 - Level 23.5 Fighting
 - Level 14.0 Long Blades
 - Level 14.3 Armour
 - Level 11.3 Dodging
 - Level 1.7 Stealth
 - Level 24.5 Shields
 + Level 19.9 Unarmed Combat
 - Level 20.4 Spellcasting
 - Level 4.5 Conjurations
 - Level 6.0 Hexes
 - Level 13.8 Charms
 - Level 1.0 Summonings
 - Level 5.5 Necromancy
 - Level 2.0 Translocations
 - Level 7.7 Transmutations
 - Level 2.0 Fire Magic
 - Level 2.1 Ice Magic
 - Level 10.1 Air Magic
 - Level 2.0 Poison Magic
 - Level 2.0 Evocations


You had 9 spell levels left.
You knew the following spells:

 Your Spells              Type           Power        Failure   Level  Hunger
a - Magic Dart            Conj           ####         1%          1    None
b - Blink                 Tloc           N/A          1%          2    None
c - Conjure Flame         Conj/Fire      ####....     2%          3    None
d - Dispel Undead         Necr           #####...     9%          5    ##.....
e - Mephitic Cloud        Conj/Pois/Air  #####...     1%          3    None
f - Confusing Touch       Hex            #####.       1%          1    None
g - Regeneration          Chrm/Necr      ######....   1%          3    None
h - Ice Form              Ice/Tmut       #####...     4%          4    None
i - Silence               Hex/Air        #####.....   3%          5    ##.....
j - Portal Projectile     Hex/Tloc       ####..       1%          3    None
k - Blade Hands           Tmut           #####.....   3%          5    ##.....
l - Song of Slaying       Chrm           ######..     1%          2    None
n - Ignite Poison         Fire/Tmut/Pois ####....     1%          3    None
o - Ozocubu's Armour      Chrm/Ice       #####...     1%          3    None
p - Poisonous Vapours     Pois/Air       #####.       1%          2    None
r - Deflect Missiles      Chrm/Air       ######....   3%          6    ####...
t - Shroud of Golubria    Chrm/Tloc      #####.....   1%          2    None
x - Spectral Weapon       Hex/Chrm       ######..     1%          3    None
z - Summon Butterflies    Summ           ###.....     1%          1    None


Dungeon Overview and Level Annotations

Branches:
Dungeon (15/15)            Temple (1/1) D:7            Lair (6/6) D:9
  Swamp (4/4) Lair:2        Snake (4/4) Lair:2        Slime (5/5) Lair:5
    Orc (2/2) D:9             Elf (3/3) Orc:2        Vaults (5/5) D:13
  Crypt (3/3) Vaults:3       Tomb (3/3) Crypt:3      Depths (5/5) D:15
   Hell (1/1)                 Dis (0/7) Hell            Geh (7/7) Hell
    Coc (0/7) Hell            Tar (7/7) Hell            Zot (0/5) Depths:5

Altars:
Ashenzari
Cheibriados
Dithmenos
Elyvilon
Fedhas
Gozag
Hepliaklqana
Kikubaaqudgha
Makhleb
Nemelex Xobeh
Okawaru
Qazlal
Ru
Sif Muna
Trog
Uskayaw
Wu Jian
Xom
Yredelemnul
Zin
The Shining One
Jiyva

Shops:
D:13 }%(%?   Orc:2 !:=   Lair:2 **[*?=:*[[[=[   Vaults:1 (   Vaults:2 ([=
Vaults:3 *   Vaults:4 (   Vaults:5 }}   Hell ([[[[*   Depths:2 !

Portals:
Hell: Lair:6 Depths:1 Depths:2 Depths:3 Depths:4 Depths:5
Abyss: Depths:2 Depths:3 Depths:4
Pandemonium: Depths:3 Depths:4
Ziggurat: Depths:5

Annotations:
Elf:2 3 runed doors


Innate Abilities, Weirdness & Mutations

You have a pair of large antennae on your head. (SInv)
You are completely covered in yellow scales. (AC +4, rCorr)
Your flesh is cold resistant. (rC+)
A meltable icy envelope protects you from harm. (AC +10)
You regenerate a lot of health from kills.
You are extremely robust. (+30% HP)
You are immune to freezing clouds.
You have sharp toenails.
You have supernaturally acute eyesight. (SInv)
You are very clumsy. (Dex -4)
Your magical capacity is low. (-10% MP)


Message History

Casting: Silence
Confirm with . or Enter, or press ? or * to list all spells.
Okay, then.
Put on which piece of jewellery? (? for menu, Esc to quit)
Okay, then.
Wear which item? (? for menu, Esc to quit)
Okay, then.
Saving game... please wait.
Welcome back, letownia2 the Demonspawn Wizard.
Gozag says: Greed is good.
Press ? for a list of commands and other information.
There's nothing to open nearby.
Put on which piece of jewellery? (? for menu, Esc to quit)
Okay, then.
Put on which piece of jewellery? (? for menu, Esc to quit)
Okay, then.
Wear which item? (? for menu, Esc to quit)
Okay, then.
Unknown command.
Are you sure you want to abandon this character and quit the game? (Confirm with "yes".)

####≈............................
#..##≈...........................
....##≈..........................
.....#§≈.........................
.....#§≈≈........................
....####≈≈.......................
..##'..##≈≈.......).[.#..........
'##.....#≈.......).∩).#..........
..#.....#.≈≈....@∩..#.#.#........
..#.....'..≈§..∩∩∩∩..###.........
∩.#.....'..§≈...∩.#### ####......
[.#.....'..≈≈........###.........
[[#.....#.≈≈........#.#.#........
'##.....#≈............#..........
..##'..##§≈...........#..........
....####≈≈.......................
.....#≈§≈........................


There were no monsters in sight!

Vanquished Creatures
  Asmodeus (Geh:7)
  the Royal Jelly (Slime:5)
  the Serpent of Hell (Geh:7)
  Khufu (Tomb:3)
  Mara (Snake:3)
  4 ancient liches
  Mennas (Depths:3)
  34 greater mummies
  Sojobo (Crypt:1)
  A curse toe (Crypt:2)
  Bai Suzhen (Snake:3)
  Geryon (Hell)
  the Lernaean hydra (Swamp:4)
  Vashnia (Snake:4)
  8 golden dragons
  Nikola (Swamp:1)
  9 doom hounds
  7 bone dragons
  18 Tzitzimimeh
  16 Brimstone Fiends
  Jorgrun (Vaults:1)
  3 tentacled monstrosities
  A shard shrike zombie (Crypt:2)
  A moon troll (WizLab)
  11 liches
  2 quicksilver dragons
  2 deep elf master archers (Elf:3)
  2 deep elf blademasters (Elf:3)
  4 titans
  22 acid blobs
  11 sphinxes
  7 tentacled starspawn (WizLab)
  11 shadow dragons
  4 eldritch tentacles
  8 ancient champions
  Frances (Swamp:2)
  Donald (Swamp:1)
  Kirke (Swamp:1)
  5 revenants
  12 tengu reavers
  Roxanne (Swamp:1)
  5 storm dragons
  10 nagarajas
  15 fire giants
  14 azure jellies
  Aizul (Snake:2)
  8 deep elf sorcerers
  A cacodemon (WizLab)
  An iron dragon (Vaults:4)
  2 draconian knights (Depths:5)
  10 frost giants
  An orc warlord (Vaults:4)
  7 vault wardens
  Louise (Swamp:3)
  17 balrugs
  4 curse skulls
  3 deep elf elementalists
  34 very ugly things
  6 ghouls
  4 war gargoyles
  8 entropy weavers
  21 stone giants
  24 reapers
  5 vampire knights
  8 deep elf demonologists
  11 ironheart preservers
  A juggernaut skeleton (Crypt:3)
  A green draconian (Depths:5)
  12 bennus
  10 deep elf annihilators
  A spark wasp (Depths:4)
  A yellow draconian (Depths:5)
  2 white draconians (Depths:5)
  A green death (Hell)
  7 death oozes
  5 eidola
  A merfolk javelineer (Depths:2)
  A merfolk impaler (Depths:2)
  2 crystal guardians (WizLab)
  7 deep elf death magi
  9 ettins
  5 quicksilver dragon zombies
  Snorg (Orc:1)
  2 fire dragons
  3 jiangshi
  11 great orbs of eyes
  5 ice dragons
  The ghost of Sayani the Severer, a journeyman HOBe of Trog (D:10)
  The ghost of Zorot the Arsonist, a journeyman DrFE of Vehumet (D:12)
  A monstrous demonspawn (Depths:3)
  32 mummy priests
  12 yaktaur captains
  6 deep elf high priests
  3 quicksilver dragon skeletons
  Josephine (Orc:1)
  2 rakshasas
  38 vault guards
  Fannar (D:9)
  2 kraken zombies (Hell)
  12 naga warriors
  20 ogre magi
  19 hydras
  A catoblepas (Lair:6)
  A ghost crab (Tar:2)
  3 spriggan air magi
  13 centaur warriors
  67 two-headed ogres
  3 death knights
  Erica (D:9)
  A two-headed ogre (shapeshifter) (Elf:3)
  8 alligators
  2 tengu warriors
  6 anacondas
  10 vampire magi
  8 deep troll earth magi
  10 deep troll shamans
  2 orc high priests
  28 hell hogs
  18 naga sharpshooters
  3 shock serpents
  8 soul eaters
  5 titan zombies
  A shock serpent (shapeshifter) (Depths:5)
  2 spriggan berserkers (Depths:3)
  24 sun demons
  52 hell knights
  3 salamander mystics
  2 titan skeletons (Geh:7)
  14 deep elf knights
  9 shadow wraiths
  A sixfirhy (Lair:6)
  96 skeletal warriors
  A storm dragon zombie (Hell)
  2 iron golems
  4 ghost moth zombies
  A death drake (Tar:2)
  4 golden dragon zombies
  4 storm dragon skeletons
  12 iron trolls
  6 anaconda zombies
  8 shadow demons
  57 deep trolls
  15 flayed ghosts
  2 orange crystal statues
  12 glowing orange brains
  14 swamp dragons
  3 unseen horrors
  A spark wasp zombie (Hell)
  A death drake (shapeshifter) (Vaults:3)
  A kraken simulacrum (Hell)
  4 shadow dragon zombies
  17 deep elf archers
  5 wizards
  22 ironbrand convokers
  13 orc knights
  5 anaconda skeletons
  3 iron giant skeletons
  A lindwurm (shapeshifter) (Vaults:4)
  16 phantasmal warriors
  20 necromancers
  5 large abominations (Depths:1)
  6 naga ritualists
  9 mana vipers
  3 harpies (Vaults:2)
  4 frost giant zombies
  2 orc sorcerers
  A mana viper (shapeshifter) (Vaults:4)
  2 shining eyes
  29 ugly things
  3 wolf spiders
  A faun (shapeshifter) (Depths:3)
  4 shadow dragon skeletons
  6 golden dragon skeletons
  2 iron dragon zombies
  6 wolf spider zombies
  3 manticores (D:14)
  4 oklob plants (Lair:5)
  8 cyclopes
  7 fire giant zombies
  8 stone giant zombies
  57 deep elf magi
  12 elephants
  7 rust devils
  18 salamanders
  5 frost giant skeletons
  6 guardian serpents
  28 black mambas
  3 stone giant skeletons
  A shock serpent zombie (Geh:2)
  5 iron dragon skeletons
  15 vault sentinels
  6 centaur zombies
  7 eyes of devastation
  30 naga magi
  18 spiny frogs
  10 smoke demons
  4 dire elephant zombies
  4 fire giant skeletons
  16 molten gargoyles
  2 gargoyles
  An ice statue (Hell)
  7 orange demons
  A torpor snail (Lair:1)
  2 catoblepas zombies
  26 hellions
  A shock serpent skeleton (Geh:1)
  A dire elephant skeleton (Tar:4)
  4 rime drakes
  3 spriggan zombies
  An emperor scorpion zombie (Geh:3)
  11 efreet
  An anaconda simulacrum (Hell)
  A death yak skeleton (Crypt:3)
  A white draconian skeleton (Crypt:3)
  12 freezing wraiths
  A spriggan skeleton (Depths:1)
  23 tormentors
  A kobold demonologist (D:14)
  36 yaktaurs
  14 komodo dragons
  4 harpy zombies
  A golden dragon simulacrum (Depths:1)
  5 ice devils
  A tengu conjurer (Depths:3)
  56 guardian mummies
  A wind drake (shapeshifter) (Depths:3)
  A human skeleton (Vaults:2)
  A jumping spider (shapeshifter) (Elf:3)
  A silent spectre (Tar:7)
  2 jumping spiders (Vaults:4)
  4 hydra zombies
  A tengu simulacrum (Vaults:3)
  2 polar bears
  23 red devils
  A merfolk (shapeshifter) (Vaults:5)
  A minotaur zombie (Geh:6)
  11 trolls
  A blink frog (shapeshifter) (Depths:1)
  5 tyrant leeches
  A hornet (shapeshifter) (Vaults:1)
  8 hornets
  A minotaur skeleton (Geh:1)
  140 slime creatures
  6 hydra skeletons
  6 bog bodies
  16 blink frogs
  An alligator zombie (Crypt:2)
  2 fire dragon zombies
  5 dream sheep (Lair:6)
  4 ice dragon zombies
  A stone giant simulacrum (Crypt:2)
  A harpy skeleton (Geh:1)
  Sigmund (D:3)
  4 ettin zombies
  A shock serpent simulacrum (Crypt:3)
  12 redbacks
  12 hippogriffs
  A tarantella (shapeshifter) (Depths:5)
  4 fire dragon skeletons
  72 flying skulls
  10 shadows
  6 water elementals
  11 air elementals
  2 ice dragon skeletons
  3 tarantellas
  3 ettin skeletons
  6 spriggans
  9 ushabtiu
  A centaur simulacrum (D:15)
  Eustachio (D:5)
  28 wraiths
  25 fire elementals
  10 fire bats
  5 golden eyes
  A golden eye (shapeshifter) (Vaults:2)
  4 wyverns
  8 basilisks
  60 yaks
  A steam dragon (D:13)
  2 hogs (Swamp:1)
  12 vampire mosquitoes
  3 hungry ghosts
  8 wargs
  2 humans (Swamp:1)
  A soldier ant (D:11)
  57 nagas
  2 neqoxecs (WizLab)
  A soldier ant (shapeshifter) (Vaults:4)
  3 tengu zombies
  A torturous demonspawn zombie (Crypt:1)
  A faun zombie (Crypt:2)
  A warg (shapeshifter) (Vaults:5)
  An acid dragon (D:12)
  17 swamp worms
  A merfolk skeleton (Geh:6)
  5 spiny frog zombies
  A floating eye (shapeshifter) (Vaults:5)
  63 hell hounds
  A water nymph zombie (Crypt:3)
  2 floating eyes
  A gelid demonspawn skeleton (Crypt:1)
  5 spiny frog skeletons
  13 water moccasins
  An orb spider zombie (Crypt:2)
  8 porcupines
  8 swamp drakes
  A deep troll skeleton (Crypt:1)
  A water nymph skeleton (Crypt:1)
  2 ice beasts
  51 orc warriors
  3 black bears
  3 ettin simulacra (Depths:2)
  3 manticore zombies
  A swamp dragon zombie (Geh:1)
  A torturous demonspawn skeleton (Geh:7)
  A dream sheep zombie (Crypt:3)
  62 ogres
  13 eyes of draining
  25 necrophages
  4 sky beasts
  8 starcursed masses (WizLab)
  7 phantoms
  2 orc skeletons
  9 wolves (Lair:5)
  5 snapping turtle zombies
  A manticore skeleton (Crypt:3)
  A blink frog skeleton (Crypt:2)
  5 snapping turtle skeletons
  14 crocodiles
  9 centaurs
  2 swamp dragon skeletons
  2 human zombies
  A big kobold (D:11)
  An elf zombie (Geh:7)
  13 bullfrogs
  7 small abominations (Depths:1)
  3 earth elementals
  A hippogriff skeleton (Crypt:3)
  A spiny frog simulacrum (Crypt:1)
  2 wyvern skeletons
  A glowing shapeshifter simulacrum (Vaults:1)
  2 scorpions
  35 wights
  A troll skeleton (Tar:6)
  2 howler monkeys
  3 electric eels
  17 crimson imps
  9 jellies
  2 quasits
  A wolf skeleton (Crypt:1)
  A bullfrog zombie (D:13)
  7 hounds
  A gnoll shaman (D:7)
  15 orc priests
  2 centaur skeletons (D:12)
  2 iron imps (Hell)
  31 orc wizards
  3 bullfrog skeletons
  6 iguanas
  Jessica (D:3)
  10 hell rats
  Natasha (thrice) (D:3)
  12 worker ants
  A deep dwarf zombie (Crypt:2)
  A naga zombie (Geh:2)
  A human simulacrum (Tomb:1)
  2 ogre skeletons
  A tengu skeleton (Geh:1)
  Robin (D:3)
  47 mummies
  The ghost of Stimme the Sneak, a weakling SpEn (D:5)
  8 gnolls
  2 worker ant zombies
  9 adders
  13 shadow imps
  5 oozes
  A worm zombie (Crypt:1)
  An adder zombie (D:7)
  2 adder skeletons
  6 worms
  A dart slug (D:3)
  5 leopard geckos
  90 orcs
  2 ball pythons (D:3)
  5 giant cockroaches
  18 goblins
  15 hobgoblins
  7 jackals
  11 kobolds
  A quokka (D:5)
  10 bats
  3 frilled lizards
  A giant cockroach zombie (Crypt:2)
  A jackal skeleton (D:8)
  A jackal zombie (D:8)
  A kobold zombie (Geh:7)
  2 quokka skeletons
  7 rats
  2 starspawn tentacles (WizLab)
  5 tentacles (Hell)
3409 creatures vanquished.

Vanquished Creatures (others)
  A yaktaur captain (Vaults:5)
  A rakshasa (Depths:4)
  A hell hog (Geh:3)
  16 dancing weapons
  11 death scarabs (Tomb:2)
  A skeletal warrior (Crypt:1)
  A flayed ghost (Geh:7)
  An orc knight (Vaults:5)
  A salamander (Snake:3)
  A spiny frog (Lair:5)
  A tormentor (Geh:7)
  A komodo dragon (Lair:5)
  2 red devils (Hell)
  A harpy skeleton (Geh:7)
  A hydra skeleton (Geh:7)
  A flying skull (Tomb:2)
  A redback (Vaults:5)
  A shadow (Geh:2)
  An ettin skeleton (Geh:7)
  A wraith (Geh:1)
  A human (Swamp:1)
  A naga (Snake:4)
  2 orc warriors (Vaults:5)
  3 ogres
  3 wights
  A mummy (Tomb:2)
  2 orcs
  A jackal (D:7)
  An orc simulacrum (Tomb:3)
  A quokka skeleton (D:7)
  A demonic plant (WizLab)
  19 fungi
  16 plants
  38 spectral weapons
  24 starspawn tentacles (WizLab)
  11 tentacles (Hell)
  4 toadstools (D:1)
175 creatures vanquished.

Grand Total: 3584 creatures vanquished

Notes
Turn   | Place    | Note
-------+----------+-------------------------------------------
     0 | D:1      | letownia2 the Demonspawn Wizard began the quest for the Orb.
     0 | D:1      | Reached XP level 1. HP: 13/13 MP: 4/4
   350 | D:1      | Gained mutation: You are partially covered in yellow scales. (AC +2) [demonic ancestry]
   350 | D:1      | Reached XP level 2. HP: 19/19 MP: 4/6
   513 | D:1      | You fall through a shaft!
   794 | D:3      | Noticed Natasha
   804 | D:3      | Noticed Jessica
   816 | D:3      | Noticed Sigmund
  1053 | D:2      | Gained mutation: You regenerate a little health from kills. [demonic ancestry]
  1053 | D:2      | Reached XP level 3. HP: 15/24 MP: 2/7
  1095 | D:2      | Learned a level 3 spell: Mephitic Cloud
  1099 | D:2      | Learned a level 3 spell: Conjure Flame
  1679 | D:3      | Noticed Robin
  1745 | D:3      | Killed Robin
  1745 | D:3      | Gained mutation: You regenerate health from kills. [demonic ancestry]
  1745 | D:3      | Reached XP level 4. HP: 14/30 MP: 0/8
  1902 | D:3      | Reached skill level 1 in Poison Magic
  1951 | D:3      | Killed Natasha
  1951 | D:3      | Reached skill level 1 in Fire Magic
  1951 | D:3      | Reached skill level 1 in Air Magic
  1978 | D:3      | Found a glowing silver altar of Zin.
  1979 | D:3      | Found a white marble altar of Elyvilon.
  1981 | D:3      | Found a glowing golden altar of the Shining One.
  1989 | D:3      | Learned a level 2 spell: Blink
  2015 | D:4      | Noticed a phantom
  2024 | D:4      | Killed a phantom
  2024 | D:4      | Reached skill level 1 in Translocations
  2024 | D:4      | Gained mutation: You are mostly covered in yellow scales. (AC +3) [demonic ancestry]
  2024 | D:4      | Reached XP level 5. HP: 35/35 MP: 1/9
  2099 | D:4      | Found a sparkling altar of Nemelex Xobeh.
  2162 | D:4      | Noticed an ogre
  2189 | D:4      | Killed an ogre
  2189 | D:4      | Reached skill level 1 in Fighting
  2189 | D:4      | Gained mutation: You have a pair of small antennae on your head. [demonic ancestry]
  2189 | D:4      | Reached XP level 6. HP: 43/43 MP: 1/10
  2751 | D:5      | Entered Level 5 of the Dungeon
  2766 | D:5      | Found a shimmering altar of Xom.
  2860 | D:5      | Noticed Eustachio
  2871 | D:5      | Noticed Stimme's ghost (weakling SpEn)
  2891 | D:5      | Killed Stimme's ghost
  2908 | D:5      | Killed Eustachio
  2908 | D:5      | Reached XP level 7. HP: 50/50 MP: 3/13
  3052 | D:5      | Reached skill level 5 in Spellcasting
  3382 | D:5      | Reached skill level 1 in Armour
  3629 | D:6      | Gained mutation: You are completely covered in yellow scales. (AC +4, rCorr) [demonic ancestry]
  3629 | D:6      | Reached XP level 8. HP: 58/58 MP: 12/16
  4808 | D:7      | Found a snail-covered altar of Cheibriados.
  4808 | D:7      | Found an ornate altar of the Wu Jian Council.
  4946 | D:7      | Found a stormy altar of Qazlal.
  5109 | D:7      | Found a staircase to the Ecumenical Temple.
  5224 | Temple   | Entered the Ecumenical Temple
  5245 | Temple   | Became a worshipper of Gozag Ym Sagoz the Greedy
  5265 | Temple   | Learned a level 1 spell: Confusing Touch
  5291 | D:7      | Reached skill level 5 in Fighting
  5507 | D:7      | Gained mutation: You have a pair of antennae on your head. [demonic ancestry]
  5507 | D:7      | Reached XP level 9. HP: 68/68 MP: 17/19
  6069 | D:3      | Killed Jessica
  6177 | D:3      | Noticed Natasha
  6178 | D:3      | Killed Sigmund
  6183 | D:3      | Killed Natasha
  7016 | D:3      | Noticed Natasha
  7017 | D:3      | Killed Natasha
  7773 | D:8      | Found a faded altar of an unknown god.
  7773 | D:8      | Found a basalt altar of Yredelemnul.
  7779 | D:8      | Found a hide-covered altar of Uskayaw.
  7782 | D:8      | Found a blossoming altar of Fedhas.
  7784 | D:8      | Found a sacrificial altar of Ru.
  7832 | D:9      | Found an ancient bone altar of Kikubaaqudgha.
  8006 | D:9      | Found a staircase to the Orcish Mines.
  8031 | D:9      | Noticed Erica
  8045 | D:9      | Noticed a two-headed ogre
  8094 | D:9      | Killed a two-headed ogre
  8094 | D:9      | Reached skill level 5 in Armour
  8094 | D:9      | Reached XP level 10. HP: 34/80 MP: 7/22
  8316 | D:9      | Killed Erica
  8388 | D:9      | Reached skill level 10 in Fighting
  8439 | D:9      | Found a staircase to the Lair.
  8538 | D:9      | You fall through a shaft for 2 floors!
  8639 | D:11     | Reached XP level 11. HP: 83/93 MP: 15/23
  8657 | D:11     | Noticed a four-headed hydra
  9067 | D:11     | Killed a four-headed hydra
  9231 | D:11     | Learned a level 1 spell: Flame Tongue
  9403 | D:10     | Entered Level 10 of the Dungeon
  9421 | D:10     | Found a shadowy altar of Dithmenos.
  9516 | D:10     | Noticed Sayani's ghost (journeyman HOBe)
  9907 | D:10     | You fall through a shaft for 2 floors!
  9920 | D:12     | Noticed a green ugly thing
  9926 | D:12     | Noticed Zorot's ghost (journeyman DrFE)
  9928 | D:12     | Killed a green ugly thing
  9929 | D:12     | Noticed a white ugly thing
 11509 | D:12     | Killed Zorot's ghost
 11867 | D:12     | Killed a white ugly thing
 12381 | Lair:1   | Entered Level 1 of the Lair of Beasts
 12422 | Lair:1   | Gained mutation: Your flesh is cold resistant. (rC+) [demonic ancestry]
 12422 | Lair:1   | Reached XP level 12. HP: 75/108 MP: 22/24
 12617 | Lair:2   | Bought a potion of lignification for 36 gold pieces
 12807 | Lair:2   | Noticed a five-headed hydra
 12827 | Lair:2   | Killed a five-headed hydra
 12827 | Lair:2   | Reached skill level 15 in Fighting
 12861 | Lair:2   | Found a staircase to the Snake Pit.
 12988 | Lair:2   | Learned a level 1 spell: Summon Butterflies
 13509 | Lair:1   | Reached skill level 1 in Unarmed Combat
 13789 | D:10     | Killed Sayani's ghost
 13966 | D:13     | Noticed a centaur warrior
 13983 | D:13     | Killed a centaur warrior
 14093 | D:13     | Noticed a centaur warrior
 14126 | D:13     | Killed a centaur warrior
 14316 | D:13     | Found Luzir's Magic Scroll Emporium.
 14415 | D:13     | Noticed a yaktaur captain
 14546 | Orc:1    | Entered Level 1 of the Orcish Mines
 14552 | Orc:1    | Noticed Fannar
 14564 | Orc:1    | Noticed Josephine
 14564 | Orc:1    | Reached skill level 5 in Unarmed Combat
 14896 | D:9      | Killed Fannar
 14965 | Orc:1    | Killed Josephine
 15369 | Orc:2    | Entered Level 2 of the Orcish Mines
 15369 | Orc:2    | Found a staircase to the Elven Halls.
 15372 | Orc:2    | Noticed an ogre mage
 15374 | Orc:2    | Noticed a two-headed ogre
 15419 | Orc:2    | Noticed an orc high priest
 15566 | Orc:2    | Noticed an ogre mage
 15638 | Orc:1    | Gained mutation: You regenerate a lot of health from kills. [demonic ancestry]
 15638 | Orc:1    | Reached XP level 13. HP: 116/116 MP: 17/25
 15846 | Lair:2   | Bought a scroll labeled NEAPEN MOPUB for 30 gold pieces
 15846 | Lair:2   | Bought a scroll labeled TOEXZOL EVAKH for 30 gold pieces
 16247 | Lair:2   | Found a staircase to the Swamp.
 16424 | Lair:3   | Found a shattered altar of Ashenzari.
 16434 | Lair:3   | Identified the Catalogue of the Tundras
 16440 | Lair:3   | Learned a level 3 spell: Ozocubu's Armour
 16540 | Lair:2   | Learned a level 3 spell: Spider Form
 16714 | Lair:3   | Reached skill level 1 in Ice Magic
 16754 | Lair:2   | Reached skill level 1 in Charms
 16813 | Lair:3   | Reached skill level 1 in Transmutations
 17483 | Lair:3   | Learned a level 4 spell: Ice Form
 17892 | Lair:4   | Reached skill level 1 in Evocations
 18471 | Lair:5   | Reached skill level 1 in Shields
 18531 | Lair:5   | Found a staircase to the Slime Pits.
 18589 | Lair:5   | Reached skill level 2 in Shields
 18708 | Lair:5   | Reached skill level 5 in Transmutations
 18834 | Lair:5   | Got an ichor-stained war axe
 18835 | Lair:5   | Identified the +7 war axe of Byschuile {elec, rElec} (You found it on level 5 of the Lair of Beasts)
 19044 | Lair:5   | Reached skill level 3 in Shields
 19084 | Lair:5   | Learned a level 3 spell: Regeneration
 20203 | Orc:1    | Reached skill level 4 in Shields
 20215 | Orc:1    | Reached XP level 14. HP: 110/123 MP: 13/26
 20526 | Orc:2    | Noticed Snorg
 20747 | Orc:1    | Killed Snorg
 21270 | Orc:2    | Reached skill level 10 in Spellcasting
 21341 | Orc:2    | Found Tacsel's Book Shoppe.
 21376 | Orc:2    | Found Xuquhiugh's Magic Scroll Shop.
 21398 | Orc:2    | Found Xeydiah's Distillery.
 21413 | Orc:2    | Found Jiuchao's Jewellery Shoppe.
 21449 | Orc:2    | Found a burning altar of Makhleb.
 21849 | Orc:2    | Bought a potion of lignification for 39 gold pieces
 22176 | Lair:5   | Got a spiked ring mail
 22187 | Lair:5   | Identified the +0 ring mail of the Armoured One {rF++ Dex+3} (You found it on level 5 of the Lair of Beasts)
 22203 | Lair:6   | Entered Level 6 of the Lair of Beasts
 22489 | Lair:6   | Reached skill level 10 in Unarmed Combat
 23940 | Lair:6   | Reached XP level 15. HP: 126/129 MP: 11/29
 24436 | Lair:6   | Found a burning altar of Makhleb.
 24444 | Lair:6   | Found a gateway to Hell.
 24452 | Lair:6   | Got a bloodstained demon blade
 24454 | Lair:6   | Identified the +12 demon blade "Cebum" {speed, Dex+2} (You found it on level 6 of the Lair of Beasts)
 24639 | Lair:2   | Bought a dazzling large shield for 275 gold pieces
 24649 | Lair:2   | Identified the +8 large shield of the Hidden Seas {rElec rF++} (You bought it in a shop on level 2 of the Lair of Beasts)
 24815 | D:14     | Reached skill level 1 in Long Blades
 24953 | D:13     | Found Sosaikew's Food Shop.
 24955 | D:13     | Found Myuxut's Weapon Shop.
 25084 | D:13     | Found Vikhlyle's Gadget Emporium.
 25277 | D:13     | Found a gate to the Vaults.
 25318 | D:13     | Found Saolum's Food Shop.
 26082 | D:15     | Entered Level 15 of the Dungeon
 26346 | D:15     | Reached skill level 5 in Long Blades
 26732 | D:15     | Found a staircase to the Depths.
 26732 | D:15     | Noticed a frost giant
 27084 | D:15     | Killed a frost giant
 27164 | D:15     | Learned a level 5 spell: Silence
 27310 | Elf:1    | Entered Level 1 of the Elven Halls
 27479 | Elf:1    | Found a magical portal.
 27603 | WizLab   | Entered Lehudib's Moon Base
 27669 | WizLab   | Noticed a tentacled starspawn
 27690 | WizLab   | Killed a tentacled starspawn
 28158 | WizLab   | Gained mutation: You occasionally shout uncontrollably at your foes. [a neqoxec]
 28178 | WizLab   | Paralysed by a great orb of eyes for 5 turns
 28471 | WizLab   | Noticed a tentacled starspawn
 28497 | WizLab   | Killed a tentacled starspawn
 28590 | WizLab   | Noticed a tentacled starspawn
 28607 | WizLab   | Killed a tentacled starspawn
 29225 | WizLab   | Noticed a tentacled starspawn
 29244 | WizLab   | Killed a tentacled starspawn
 29253 | WizLab   | Noticed a quicksilver dragon
 29269 | WizLab   | Killed a quicksilver dragon
 29718 | WizLab   | Reached skill level 10 in Long Blades
 29720 | WizLab   | Gained mutation: You have a pair of large antennae on your head. (SInv) [demonic ancestry]
 29720 | WizLab   | Reached XP level 16. HP: 59/136 MP: 28/30
 30170 | WizLab   | Noticed a tentacled starspawn
 30187 | WizLab   | Killed a tentacled starspawn
 30495 | WizLab   | Got a warped brass amulet
 30497 | WizLab   | Identified the amulet "Put-Me-On" {Gourm +Fly MR+} (You found it in a wizard's laboratory)
 30931 | WizLab   | Learned a level 6 spell: Deflect Missiles
 30961 | WizLab   | Noticed a tentacled starspawn
 30982 | WizLab   | Killed a tentacled starspawn
 31162 | WizLab   | Found a transporter.
 31200 | WizLab   | Noticed a tentacled starspawn
 31216 | WizLab   | Killed a tentacled starspawn
 31841 | WizLab   | Noticed a moon troll
 31861 | WizLab   | Killed a moon troll
 31965 | WizLab   | Found a transporter.
 31983 | WizLab   | Got a fine morningstar
 31984 | WizLab   | Identified the cursed +3 morningstar of Responsibility {flame, Int+3} (You found it in a wizard's laboratory)
 32007 | WizLab   | Got a twisted flail
 32009 | WizLab   | Identified the cursed +0 flail of Duty {venom, *Corrode rC- MR+ Str+9} (You found it in a wizard's laboratory)
 32061 | WizLab   | Identified Lehudib's Almanac of Earth and Translocation
 33219 | Elf:2    | Reached XP level 17. HP: 132/143 MP: 31/31
 33391 | Elf:2    | Found a runed gate.
 33391 | Elf:2    | Found a runed gate.
 33391 | Elf:2    | Found a runed gate.
 34014 | Lair:2   | Identified 2 scrolls of acquirement
 34022 | Lair:2   | Got a pair of dazzling gloves
 34033 | Lair:2   | Identified the +1 pair of gloves of Inference {rF+ Regen+ Dex-4} (You acquired it on level 2 of the Lair of Beasts)
 34038 | Lair:2   | Got a faintly glowing buckler
 34049 | Lair:2   | Identified the +3 buckler of the Fife {rPois rF- SInv} (You acquired it on level 2 of the Lair of Beasts)
 34094 | Snake:1  | Entered Level 1 of the Snake Pit
 34170 | Lair:2   | Learned a level 2 spell: Shroud of Golubria
 35142 | Snake:2  | Noticed Aizul
 35168 | Snake:2  | Killed Aizul
 36066 | Snake:3  | Reached skill level 5 in Shields
 36335 | Snake:3  | Noticed Mara
 36361 | Snake:3  | Noticed letownia2's illusion
 36363 | Snake:3  | Killed Mara
 36363 | Snake:3  | Reached skill level 6 in Shields
 36612 | Snake:3  | Reached XP level 18. HP: 100/156 MP: 20/32
 36630 | Snake:3  | Noticed Bai Suzhen
 36653 | Snake:3  | Killed Bai Suzhen
 36891 | Snake:4  | Entered Level 4 of the Snake Pit
 36970 | Snake:4  | Reached skill level 7 in Shields
 37342 | Snake:4  | Noticed Vashnia
 37589 | Snake:4  | Reached skill level 8 in Shields
 37598 | Snake:4  | Killed Vashnia
 38303 | Snake:4  | Reached skill level 9 in Shields
 38630 | Snake:4  | Got a serpentine rune of Zot
 38997 | Swamp:1  | Entered Level 1 of the Swamp
 39057 | Swamp:1  | Noticed Donald
 39080 | Swamp:1  | Killed Donald
 39206 | Swamp:1  | Noticed Kirke
 39226 | Swamp:1  | Killed Kirke
 39308 | Swamp:1  | Noticed Nikola
 39379 | Swamp:1  | Killed Nikola
 39461 | Swamp:1  | Noticed Roxanne
 39808 | Swamp:1  | Reached XP level 19. HP: 160/167 MP: 33/33
 39911 | Swamp:1  | Killed Roxanne
 39912 | Swamp:1  | Identified Roxanne's Incunabulum of the Mountains (You took it off Roxanne on level 1 of the Swamp)
 40036 | Swamp:2  | Noticed Frances
 40058 | Swamp:2  | Killed Frances
 40955 | Swamp:3  | Noticed Louise
 40986 | Swamp:3  | Killed Louise
 41687 | Swamp:4  | Entered Level 4 of the Swamp
 42650 | Swamp:4  | Noticed the 27-headed Lernaean hydra
 42912 | Elf:3    | Entered Level 3 of the Elven Halls
 43720 | Elf:3    | Learned a level 2 spell: Song of Slaying
 44219 | Elf:3    | Reached skill level 10 in Shields
 44243 | Elf:3    | Got a warped amber ring
 44294 | Elf:3    | Identified the ring of the Burgomaster {+Blink rPois Str+2 Stlth+} (You took it off a deep elf death mage on level 3 of the Elven Halls)
 44311 | Elf:3    | Gained mutation: You are robust. (+10% HP) [demonic ancestry]
 44311 | Elf:3    | Reached XP level 20. HP: 146/198 MP: 29/34
 44441 | Elf:3    | Identified the Disquisition on Glacial Dislocation
 44487 | Elf:3    | Identified the Almanac of a Thousand Ghosts
 44580 | Elf:3    | Got a blackened fustibalus
 44581 | Elf:3    | Identified the +10 fustibalus of Bakazeum {flame, +Fly Str+4} (You found it on level 3 of the Elven Halls)
 44867 | Lair:2   | Found the +4 robe of Augmentation {Str+4 Int+4 Dex+4}
 44874 | Lair:2   | Bought a shimmering cloak for 361 gold pieces
 44884 | Lair:2   | Identified the +1 cloak "Pofisk" {rC- rN+ rCorr Str+3} (You bought it in a shop on level 2 of the Lair of Beasts)
 45006 | Vaults:1 | Entered Level 1 of the Vaults
 45236 | Vaults:1 | Reached skill level 11 in Shields
 45394 | Vaults:1 | Noticed Jorgrun
 45411 | Vaults:1 | Killed Jorgrun
 45735 | Vaults:1 | Found Deannuar's Weapon Shop.
 46627 | Vaults:1 | Learned a level 3 spell: Spectral Weapon
 46714 | Vaults:2 | Reached skill level 5 in Charms
 46742 | Vaults:2 | Found Jyofyoff's Antique Weapon Shoppe.
 47024 | Vaults:2 | Found Meath's Armour Shop.
 47049 | Vaults:2 | Found Xutaxt's Food Emporium.
 47160 | Vaults:2 | Found Sanlil's Jewellery Boutique.
 47227 | Vaults:2 | Reached skill level 12 in Shields
 47227 | Vaults:2 | Reached skill level 5 in Air Magic
 48333 | Vaults:3 | Found a staircase to the Crypt.
 48576 | Vaults:3 | Gained mutation: You are immune to freezing clouds. [demonic ancestry]
 48576 | Vaults:3 | Reached XP level 21. HP: 194/205 MP: 18/35
 48922 | Vaults:3 | Found Dykomaha's General Store.
 49844 | Vaults:4 | Found Herif's Weapon Emporium.
 50246 | Vaults:4 | Reached skill level 10 in Charms
 50816 | Vaults:5 | Entered Level 5 of the Vaults
 50824 | Vaults:4 | Reached skill level 13 in Shields
 51256 | Vaults:5 | Reached XP level 22. HP: 106/213 MP: 6/38
 51934 | Vaults:5 | Reached skill level 14 in Shields
 51985 | Vaults:5 | Got a flickering glass ring
 52477 | Vaults:5 | Reached skill level 15 in Shields
 52818 | Vaults:5 | Noticed a golden dragon
 52884 | Vaults:4 | HP: 9/213 [phantasmal warrior (22)]
 53144 | Vaults:4 | Killed a golden dragon
 53253 | Vaults:4 | Reached skill level 16 in Shields
 53402 | Vaults:5 | Noticed a golden dragon
 53444 | Vaults:5 | Noticed an ancient lich
 53465 | Vaults:4 | Killed a golden dragon
 53556 | Vaults:4 | Killed an ancient lich
 53723 | Vaults:4 | Gained mutation: A meltable icy envelope protects you from harm. (AC +10) [demonic ancestry]
 53723 | Vaults:4 | Reached XP level 23. HP: 128/221 MP: 19/39
 53785 | Vaults:5 | Reached skill level 17 in Shields
 53927 | Vaults:5 | Identified Waxkov's Catalogue of the Snowflakes and Aid
 53937 | Vaults:5 | Learned a level 3 spell: Portal Projectile
 54145 | Vaults:5 | Learned a level 3 spell: Ignite Poison
 54151 | Vaults:5 | Identified the cursed ring of Piajin {EV-3 Str-3 Int+4 Dex+2 SInv} (You took it off a yaktaur captain on level 5 of the Vaults)
 54199 | Vaults:5 | Got a silver rune of Zot
 55021 | Vaults:5 | Found Jinoa's Gadget Shoppe.
 55028 | Vaults:5 | Found Uczukledwuo's Gadget Shop.
 55535 | Slime:1  | Entered Level 1 of the Pits of Slime
 55682 | Slime:1  | Reached skill level 18 in Shields
 57249 | Swamp:4  | Killed the 26-headed Lernaean hydra
 57410 | Swamp:4  | Got a decaying rune of Zot
 57829 | Crypt:1  | Entered Level 1 of the Crypt
 57834 | Crypt:1  | Noticed Sojobo
 58159 | Crypt:1  | Got a pitted steel amulet
 58609 | Crypt:1  | Reached skill level 19 in Shields
 58681 | Crypt:1  | Killed Sojobo
 59342 | Crypt:2  | Gained mutation: You are very robust. (+20% HP) [demonic ancestry]
 59342 | Crypt:2  | Reached XP level 24. HP: 218/246 MP: 37/39
 59803 | Crypt:2  | Noticed a greater mummy
 59855 | Crypt:2  | Killed a greater mummy
 59926 | Crypt:2  | Noticed a greater mummy
 59962 | Crypt:2  | Reached skill level 20 in Shields
 59984 | Crypt:2  | Killed a greater mummy
 60385 | Crypt:2  | Identified the amulet of Kikubaaqudgha's Hope {Inacc rPois MR+} (You found it on level 1 of the Crypt)
 60390 | Crypt:3  | Entered Level 3 of the Crypt
 60886 | Crypt:2  | Reached skill level 21 in Shields
 61383 | Crypt:3  | Found a staircase to the Tomb.
 62102 | Crypt:3  | Noticed an ancient lich
 62102 | Crypt:3  | Noticed an ancient lich
 62135 | Crypt:3  | Killed an ancient lich
 62135 | Crypt:3  | Reached skill level 22 in Shields
 62156 | Crypt:3  | Killed an ancient lich
 62159 | Crypt:3  | Noticed an ancient lich
 62226 | Crypt:3  | Killed an ancient lich
 62245 | Crypt:3  | Identified Borgnjor's Tome of Evil Arts
 62294 | Crypt:3  | Learned a level 2 spell: Poisonous Vapours
 62736 | Slime:3  | Paralysed by a floating eye for 4 turns
 62904 | Slime:3  | Paralysed by a floating eye for 4 turns
 63074 | Slime:4  | Gained mutation: You are dopey. (Int -2) [a shining eye]
 63333 | Slime:3  | Reached skill level 23 in Shields
 63544 | Slime:2  | Gained mutation: You are extremely robust. (+30% HP) [a shining eye]
 63908 | Slime:3  | Reached XP level 25. HP: 242/275 MP: 39/39
 64341 | Slime:5  | Entered Level 5 of the Pits of Slime
 64567 | Slime:5  | Noticed the Royal Jelly
 64708 | Slime:5  | Found a viscous altar of Jiyva.
 64826 | Slime:5  | Reached skill level 10 in Armour
 65217 | Depths:1 | Entered Level 1 of the Depths
 65497 | Depths:1 | Reached skill level 5 in Dodging
 66024 | Depths:1 | Got a translucent wooden ring
 66050 | Depths:1 | Identified the ring "Jenoav" {Wiz rN++ MP-9 Slay-2 SInv} (You found it on level 1 of the Depths)
 66268 | Hell     | Entered the Vestibule of Hell
 66271 | Hell     | Noticed Geryon
 66988 | Depths:2 | Found Sinoezxikk's Distillery.
 67102 | Depths:2 | Found a one-way gate to the infinite horrors of the Abyss.
 68018 | Hell     | Killed Geryon
 68079 | Hell     | Reached skill level 1 in Necromancy
 68193 | Hell     | Mutation became permanent: You are very robust. (+20% HP) [demonic ancestry]
 68193 | Hell     | Gained mutation: You are extremely robust. (+30% HP) [demonic ancestry]
 68193 | Hell     | Reached XP level 26. HP: 263/287 MP: 38/40
 68230 | Hell     | Found a gateway to the freezing wastes of Cocytus.
 68260 | Hell     | Found a gateway to the decaying netherworld of Tartarus.
 68344 | Hell     | Found a gateway to the ashen valley of Gehenna.
 68581 | Hell     | Found a gateway to the Iron City of Dis.
 68820 | Depths:3 | Found the +15 Maxwell's patent armour {-Cast -Tele rElec MR+ rCorr}
 69158 | Depths:3 | Reached skill level 1 in Hexes
 69286 | Depths:3 | Found a one-way gate leading to the halls of Pandemonium.
 69531 | Depths:3 | Noticed Mennas
 69718 | Depths:3 | Killed Mennas
 69930 | Depths:3 | Learned a level 5 spell: Blade Hands
 70448 | Depths:4 | Reached skill level 5 in Necromancy
 71119 | Depths:5 | Entered Level 5 of the Depths
 71235 | Depths:5 | Reached skill level 5 in Hexes
 71454 | Depths:5 | Found a gate to the Realm of Zot.
 71560 | Depths:5 | Found a gateway to a ziggurat.
 71677 | Depths:5 | Reached skill level 24 in Shields
 71884 | Depths:5 | Found a flickering gateway to a bazaar.
 72065 | Depths:5 | Reached skill level 10 in Air Magic
 72072 | Depths:5 | Reached XP level 27. HP: 296/296 MP: 41/41
 73129 | Slime:5  | Killed the Royal Jelly
 73202 | Slime:5  | Got a slimy rune of Zot
 73218 | Slime:5  | Identified Nug Feu's Grimoire of Hurtful Transmutation
 73234 | Slime:5  | Identified the Catalogue of Poison and Transformation
 73266 | Slime:5  | Identified the Compendium of Unholy Arts
 73298 | Slime:5  | Got a wavering steel ring
 73300 | Slime:5  | Identified the ring of Foast {Ice *Drain rElec rPois Str-5} (You acquired it on level 5 of the Pits of Slime)
 74039 | Tomb:1   | Entered Level 1 of the Tomb of the Ancients
 74482 | Tomb:1   | Noticed a greater mummy
 74512 | Tomb:1   | Killed a greater mummy
 74516 | Tomb:1   | Noticed a greater mummy
 74659 | Tomb:1   | Killed a greater mummy
 74659 | Tomb:1   | Reached skill level 15 in Spellcasting
 74964 | Tomb:1   | Noticed a greater mummy
 74980 | Tomb:1   | Killed a greater mummy
 75152 | Tomb:2   | Noticed a greater mummy
 75152 | Tomb:2   | Noticed a greater mummy
 75152 | Tomb:2   | Noticed a greater mummy
 75152 | Tomb:2   | Noticed a greater mummy
 75620 | Geh:1    | Entered Level 1 of Gehenna
 75892 | Geh:1    | Gained mutation: Your body sometimes deteriorates upon taking damage. [mutagenic glow]
 76523 | Hell     | Gained mutation: Your muscles are strong. (Str +2) [mutagenic glow]
 77070 | Geh:3    | Gained mutation: You tend to lose your temper in combat. [mutagenic glow]
 77172 | Geh:3    | Gained mutation: Your flesh is very cold resistant. (rC++) [mutagenic glow]
 77253 | Geh:4    | Gained mutation: You are occasionally teleported next to monsters. [mutagenic glow]
 77847 | Geh:5    | Lost mutation: You occasionally shout uncontrollably at your foes. [potion of mutation]
 77847 | Geh:5    | Lost mutation: Your body sometimes deteriorates upon taking damage. [potion of mutation]
 77847 | Geh:5    | Gained mutation: You are clumsy. (Dex -2) [potion of mutation]
 77847 | Geh:5    | Lost mutation: You are clumsy. (Dex -2) [potion of mutation]
 77847 | Geh:5    | Gained mutation: You evolve. [potion of mutation]
 77848 | Geh:5    | Lost mutation: Your flesh is very cold resistant. (rC++) [potion of mutation]
 77848 | Geh:5    | Lost mutation: Your muscles are strong. (Str +2) [potion of mutation]
 77848 | Geh:5    | Lost mutation: You are occasionally teleported next to monsters. [potion of mutation]
 77848 | Geh:5    | Gained mutation: Your flesh is heat resistant. (rF+) [potion of mutation]
 77848 | Geh:5    | Gained mutation: You are resistant to electric shocks. (rElec) [potion of mutation]
 77848 | Geh:5    | Gained mutation: You are resistant to hostile enchantments. (MR+) [potion of mutation]
 77849 | Geh:5    | Lost mutation: Your flesh is heat resistant. (rF+) [potion of mutation]
 77849 | Geh:5    | Lost mutation: You are dopey. (Int -2) [potion of mutation]
 77849 | Geh:5    | Lost mutation: You are resistant to electric shocks. (rElec) [potion of mutation]
 77849 | Geh:5    | Gained mutation: You have very sharp teeth. [potion of mutation]
 77849 | Geh:5    | Lost mutation: You tend to lose your temper in combat. [potion of mutation]
 77850 | Geh:5    | Lost mutation: You are resistant to hostile enchantments. (MR+) [potion of mutation]
 77850 | Geh:5    | Lost mutation: You have very sharp teeth. [potion of mutation]
 77850 | Geh:5    | Gained mutation: You have a beak for a mouth. [potion of mutation]
 77850 | Geh:5    | Gained mutation: You have sharp toenails. [potion of mutation]
 77850 | Geh:5    | Gained mutation: Your natural rate of healing is unusually fast. [potion of mutation]
 77850 | Geh:5    | Gained mutation: Your mind is acute. (Int +2) [potion of mutation]
 78018 | Geh:5    | Lost mutation: Your natural rate of healing is unusually fast. [potion of mutation]
 78018 | Geh:5    | Lost mutation: You have a beak for a mouth. [potion of mutation]
 78018 | Geh:5    | Lost mutation: You have sharp toenails. [potion of mutation]
 78018 | Geh:5    | Lost mutation: You evolve. [potion of mutation]
 78018 | Geh:5    | Gained mutation: You do not regenerate when monsters are visible. [potion of mutation]
 78018 | Geh:5    | Gained mutation: Your mind is very acute. (Int +4) [potion of mutation]
 78086 | Geh:6    | Lost mutation: You do not regenerate when monsters are visible. [potion of mutation]
 78086 | Geh:6    | Lost mutation: Your mind is very acute. (Int +4) [potion of mutation]
 78086 | Geh:6    | Lost mutation: Your mind is acute. (Int +2) [potion of mutation]
 78086 | Geh:6    | Gained mutation: You are clumsy. (Dex -2) [potion of mutation]
 78086 | Geh:6    | Gained mutation: You are somewhat resistant to further mutation. [potion of mutation]
 78361 | Geh:7    | Entered Level 7 of Gehenna
 78756 | Geh:7    | Reached skill level 10 in Dodging
 79557 | Geh:7    | Noticed the Serpent of Hell
 79607 | Geh:7    | Killed the Serpent of Hell
 79669 | Geh:7    | HP: 9/285 [Brimstone Fiend/damnation[the effects of Hell] (34)]
 80651 | Geh:7    | Noticed Asmodeus
 80740 | Geh:7    | Killed Asmodeus
 80790 | Geh:7    | Gained mutation: You have sharp toenails. [mutagenic glow]
 80809 | Geh:7    | Got an obsidian rune of Zot
 81179 | Hell     | Learned a level 5 spell: Dispel Undead
 81218 | Tar:1    | Entered Level 1 of Tartarus
 84721 | Tar:7    | Entered Level 7 of Tartarus
 84794 | Tar:7    | Reached skill level 15 in Unarmed Combat
 84913 | Tar:7    | Gained mutation: You tend to lose your temper in combat. [mutagenic glow]
 84959 | Tar:7    | Gained mutation: You often lose your temper in combat. [mutagenic glow]
 85046 | Hell     | Gained mutation: You are very clumsy. (Dex -4) [mutagenic glow]
 85602 | Vaults:2 | Bought a ration for 55 gold pieces
 85602 | Vaults:2 | Bought a ration for 55 gold pieces
 85602 | Vaults:2 | Bought a ration for 55 gold pieces
 85602 | Vaults:2 | Bought a ration for 55 gold pieces
 85602 | Vaults:2 | Bought a ration for 55 gold pieces
 85602 | Vaults:2 | Bought a ration for 55 gold pieces
 85602 | Vaults:2 | Bought a ration for 55 gold pieces
 86025 | Tomb:1   | Killed a greater mummy
 86266 | Tomb:2   | Killed a greater mummy
 86343 | Tomb:2   | Killed a greater mummy
 86382 | Tomb:2   | Lost mutation: You are somewhat resistant to further mutation. [potion of mutation]
 86382 | Tomb:2   | Lost mutation: You often lose your temper in combat. [potion of mutation]
 86382 | Tomb:2   | Gained mutation: Your magical capacity is low. (-10% MP) [potion of mutation]
 86382 | Tomb:2   | Lost mutation: You tend to lose your temper in combat. [potion of mutation]
 86382 | Tomb:2   | Gained mutation: You have supernaturally acute eyesight. (SInv) [potion of mutation]
 86550 | Tomb:2   | Killed a greater mummy
 86935 | Tomb:1   | Noticed a greater mummy
 86935 | Tomb:1   | Noticed a greater mummy
 86935 | Tomb:1   | Noticed a greater mummy
 86938 | Tomb:1   | Noticed a greater mummy
 86942 | Tomb:1   | Noticed a greater mummy
 86949 | Tomb:1   | Noticed a greater mummy
 86955 | Tomb:1   | Noticed a greater mummy
 86960 | Tomb:1   | Killed a greater mummy
 86978 | Tomb:1   | Killed a greater mummy
 86986 | Tomb:1   | Noticed a greater mummy
 86990 | Tomb:1   | Killed a greater mummy
 87002 | Tomb:1   | HP: 13/284 [??? (5)]
 87009 | Tomb:1   | HP: 6/306 [greater mummy/divine providence (16)]
 87014 | Tomb:1   | Killed a greater mummy
 87404 | Tomb:1   | Noticed a greater mummy
 87550 | Tomb:1   | Killed a greater mummy
 87850 | Tomb:1   | Killed a greater mummy
 87882 | Tomb:1   | Killed a greater mummy
 87902 | Tomb:1   | Killed a greater mummy
 87942 | Tomb:1   | Noticed a greater mummy
 87987 | Tomb:1   | Killed a greater mummy
 88033 | Tomb:1   | Killed a greater mummy
 88095 | Tomb:1   | Noticed a greater mummy
 88109 | Tomb:1   | Killed a greater mummy
 88185 | Tomb:1   | Noticed a greater mummy
 88198 | Tomb:1   | Killed a greater mummy
 88315 | Tomb:1   | Noticed a greater mummy
 88353 | Tomb:1   | Killed a greater mummy
 88355 | Tomb:1   | Noticed a greater mummy
 88574 | Tomb:1   | Noticed a greater mummy
 88599 | Tomb:1   | Killed a greater mummy
 88613 | Tomb:1   | Killed a greater mummy
 88653 | Tomb:1   | Noticed a greater mummy
 88689 | Tomb:1   | Killed a greater mummy
 88736 | Tomb:1   | Noticed a greater mummy
 88777 | Tomb:1   | Killed a greater mummy
 89044 | Tomb:3   | Entered Level 3 of the Tomb of the Ancients
 89226 | Tomb:3   | Noticed a greater mummy
 89228 | Tomb:3   | Noticed a greater mummy
 89392 | Tomb:3   | Noticed a greater mummy
 89392 | Tomb:3   | Noticed a greater mummy
 89471 | Tomb:2   | Killed a greater mummy
 89610 | Tomb:2   | Killed a greater mummy
 89697 | Tomb:3   | Noticed a greater mummy
 89725 | Tomb:3   | Killed a greater mummy
 89883 | Tomb:3   | Killed a greater mummy
 90050 | Tomb:3   | Killed a greater mummy
 90096 | Tomb:3   | Noticed a greater mummy
 90127 | Tomb:3   | Killed a greater mummy
 90252 | Tomb:3   | Got a pair of brightly glowing gloves
 90283 | Tomb:3   | Identified the cursed +0 pair of gloves of the Townfolk {rPois rF+} (You found it on level 3 of the Tomb of the Ancients)
 90475 | Tomb:3   | Identified Sif Muna's Reference Book on Mutagenic Aid
 90637 | Tomb:3   | Noticed a greater mummy
 90646 | Tomb:3   | Killed a greater mummy
 90648 | Tomb:3   | Noticed a greater mummy
 90649 | Tomb:3   | Noticed Khufu
 90685 | Tomb:3   | Killed a greater mummy
 90715 | Tomb:3   | Killed Khufu
 90758 | Tomb:3   | Got a golden rune of Zot
 91378 | Hell     | Upgraded the game from 0.21.1 to 0.21.1-1-g345015f
 91378 | Hell     | Quit the game

Skill      XL: |  1  2  3  4  5  6  7  8  9 10 11 12 13 14 15 16 17 18 19 20 21 22 23 24 25 26 27 |
---------------+----------------------------------------------------------------------------------+-----
Conjurations   | 2 3 4 |  4.5
Poison Magic   | 1 2 |  2.0
Fire Magic     | 1 2 |  2.0
Air Magic      | 1 2 6 7 8 10 | 10.1
Translocations | 1 2 |  2.0
Fighting       | 1 2 3 5 7 11 14 15 17 19 21 23 | 23.5
Spellcasting   | 4 5 7 8 10 12 13 14 20 | 20.4
Dodging        | 2 6 11 | 11.3
Armour         | 1 2 5 6 7 8 9 10 12 14 | 14.3
Unarmed Combat | 7 8 11 19 | 19.9
Ice Magic      | 2 |  2.1
Charms         | 3 7 11 12 13 | 13.8
Transmutations | 6 7 |  7.7
Evocations     | 2 |  2.0
Shields        | 4 6 9 10 12 13 16 19 23 24 | 24.5
Long Blades    | 10 14 | 14.0
Necromancy     | 1 5 |  5.5
Hexes          | 6 |  6.0
Stealth        | |  1.7
Summonings     | |  1.0

Action                   |  1- 3 |  4- 6 |  7- 9 | 10-12 | 13-15 | 16-18 | 19-21 | 22-24 | 25-27 || total
-------------------------+-------+-------+-------+-------+-------+-------+-------+-------+-------++-------
Melee: Unarmed           |    18 |       |       |    13 |   291 |       |    32 |       |       ||   354
       Dagger            |    20 |       |       |       |       |       |       |       |       ||    20
       Spear             |       |    80 |   418 |   681 |   373 |       |       |       |       ||  1552
       Trident           |       |       |    32 |    90 |       |       |       |       |       ||   122
       Scimitar          |       |       |       |    11 |     2 |       |       |       |       ||    13
       Punch             |       |       |       |     2 |    10 |       |       |       |       ||    12
       War axe           |       |       |       |       |   302 |    23 |       |       |       ||   325
       Demon blade       |       |       |       |       |   462 |  1871 |  2524 |  3144 |  8879 || 16880
       Peck              |       |       |       |       |       |       |       |       |     8 ||     8
 Fire: Blowgun           |       |       |       |       |     1 |     9 |       |       |       ||    10
Throw: Tomahawk          |       |     1 |       |       |       |       |       |       |       ||     1
       Javelin           |       |       |       |    14 |    19 |       |       |       |       ||    33
 Cast: Magic Dart        |    79 |    26 |    15 |    14 |     6 |       |       |       |       ||   140
       Mephitic Cloud    |     4 |     7 |    11 |    37 |    77 |    17 |    15 |     5 |       ||   173
       Conjure Flame     |       |     1 |    22 |    75 |    95 |    41 |    26 |     6 |    24 ||   290
       Blink             |       |       |     7 |    31 |    59 |    11 |    10 |    17 |    33 ||   168
       Ozocubu's Armour  |       |       |       |       |    59 |    34 |    41 |    25 |       ||   159
       Spider Form       |       |       |       |       |    14 |     2 |       |       |       ||    16
       Ice Form          |       |       |       |       |    16 |       |       |       |       ||    16
       Shroud of Golubri |       |       |       |       |       |    13 |     2 |     3 |     6 ||    24
       Summon Butterflie |       |       |       |       |       |     6 |       |       |       ||     6
       Song of Slaying   |       |       |       |       |       |       |    48 |    34 |    85 ||   167
       Regeneration      |       |       |       |       |       |       |    36 |    60 |   143 ||   239
       Spectral Weapon   |       |       |       |       |       |       |       |    20 |    72 ||    92
       Deflect Missiles  |       |       |       |       |       |       |       |     3 |    17 ||    20
       Silence           |       |       |       |       |       |       |       |     4 |    33 ||    37
       Ignite Poison     |       |       |       |       |       |       |       |       |     1 ||     1
Invok: Call Merchant     |       |       |       |     2 |     4 |     2 |     2 |     3 |     6 ||    19
       Potion Petition   |       |       |       |       |     2 |       |       |       |     1 ||     3
 Abil: End Transformatio |       |       |       |       |     6 |     2 |       |       |       ||     8
       Evoke Flight      |       |       |       |       |       |       |       |       |     2 ||     2
Evoke: Wand              |       |       |       |    33 |    64 |     7 |       |     6 |     3 ||   113
       Lamp of fire      |       |       |       |       |       |       |     1 |     1 |     2 ||     4
       Lightning rod     |       |       |       |       |       |       |       |       |     9 ||     9
       Phial of floods   |       |       |       |       |       |       |       |       |     1 ||     1
  Use: Potion            |     3 |       |     2 |     3 |     9 |     3 |     2 |     6 |    25 ||    53
       Scroll            |       |       |     3 |    11 |    23 |    10 |     6 |    10 |    20 ||    83
 Stab: Sleeping          |     1 |     1 |     8 |     1 |       |       |     2 |       |     3 ||    16
       Confused          |     2 |     4 |     4 |    13 |    40 |     9 |     5 |       |       ||    77
       Distracted        |       |       |     5 |       |     7 |     6 |    10 |    14 |    42 ||    84
  Eat: Chunk             |     3 |     4 |     7 |       |       |       |       |       |       ||    14
       Ration            |       |       |     3 |     9 |    13 |     9 |    13 |    16 |    33 ||    96
Armor: Robe              |    66 |       |       |       |       |       |       |       |       ||    66
       Leather armour    |     3 |    31 |   103 |   104 |   276 |       |       |       |       ||   517
       Ring mail         |       |       |       |   244 |   137 |    13 |       |       |       ||   394
       Skin              |       |       |       |    24 |   121 |    15 |       |       |       ||   160
       Troll leather arm |       |       |       |       |       |   289 |   557 |   451 |       ||  1297
       Pearl dragon scal |       |       |       |       |       |       |       |   339 |  2082 ||  2421
Dodge: Dodged            |   129 |    38 |   142 |   379 |   641 |   347 |   535 |   464 |  1251 ||  3926
       Deflected         |       |       |       |       |       |       |       |    24 |   142 ||   166
Block: Buckler           |       |       |       |       |   152 |   285 |   472 |    32 |       ||   941
       Shield            |       |       |       |       |       |       |       |   420 |       ||   420
       Reflection        |       |       |       |       |       |       |       |    15 |     3 ||    18
       Large shield      |       |       |       |       |       |       |       |  1608 |  8130 ||  9738
       Rpst.: Demon blade |       |       |       |       |    27 |    75 |   108 |    86 |   196 ||   492
